[Event "45th FIDE Olympiad 2024"]
[Site "Budapest"]
[Date "2024.09.11"]
[Round "1.185"]
[White "Morazo, John Ranel"]
[Black "Henriquez Villagra, Cristobal"]
[Result "0-1"]
[ECO "A13"]
[WhiteElo "2200"]
[BlackElo "2604"]
[Annotator "TA"]
[PlyCount "44"]
[EventDate "2024.09.05"]
[EventType "team-tourn"]
[EventCountry "HUN"]
[SourceTitle "playchess.com"]
[Source "ChessBase"]
[SourceQuality "1"]
[WhiteTeam "Palau"]
[BlackTeam "Chile"]
[WhiteTeamCountry "PAL"]
[BlackTeamCountry "CHI"]
[TimeControl "40/5400+30:1800+30"]

1. Nf3 d5 2. c4 e6 3. g3 Nf6 4. Bg2 d4 5. d3 Bb4+ 6. Nbd2 {With the idea Qa4+.} a5 7. O-O Nc6 8. a3 {Black has an edge.} Be7 9. Rb1 O-O 10. Ne4 Nxe4 11. dxe4 e5 12. b4 axb4 13. axb4 Bxb4 {Hoping for ...Qd6.} 14. Nxe5 $1 Nxe5 15. Rxb4 c5 16. Rb5 ({White should try} 16. Rb1 $1 $15) 16... b6 $1 $36 {[%cal Oa8a1][%mdl 2048] Black is really pushing. Black is more active.} ({Don't play} 16... Nxc4 17. Rxc5 Be6 18. Qc2 $11) 17. Qb3 (17. Rb1 $17) 17... Be6 18. Rxb6 $2 (18. Qb1) 18... Bxc4 $19 ({Weaker is} 18... Nxc4 19. Rxe6 Na5 20. Qb6 fxe6 21. Qxe6+ Kh8 22. e5 $11) 19. Qb2 {[#]} Bxe2 $1 {[%mdl 512] Black is clearly winning.} 20. Bg5 (20. Bf4 Bxf1) 20... f6 21. Re6 Bxf1 22. Kxf1 Qa5 {White got outplayed after the opening.   Weighted Error Value: White=1.12/Black=0.02 (flawless) .  Mistake:       	White=3     	---        Inaccurate:     	White=3     	---        OK:         	White=3     	Black=8      Best:        	---       	Black=2      Strong:       	White=1     	Black=1} 0-1

[Event "45th FIDE Olympiad 2024"]
[Site "Budapest"]
[Date "2024.09.11"]
[Round "1.186"]
[White "Salinas Herrera, Pablo"]
[Black "Salvadora, Angelo"]
[Result "1-0"]
[ECO "D02"]
[WhiteElo "2479"]
[BlackElo "1812"]
[Annotator "TA"]
[PlyCount "83"]
[EventDate "2024.09.05"]
[EventType "team-tourn"]
[EventCountry "HUN"]
[SourceTitle "playchess.com"]
[Source "ChessBase"]
[SourceQuality "1"]
[WhiteTeam "Chile"]
[BlackTeam "Palau"]
[WhiteTeamCountry "CHI"]
[BlackTeamCountry "PAL"]
[TimeControl "40/5400+30:1800+30"]

1. d4 e6 2. Nf3 d5 3. Bf4 Bd6 4. e3 Bxf4 5. exf4 Nc6 6. c3 a6 7. Bd3 h6 8. h4 {White is slightly better.} Nf6 9. Nbd2 Nh5 (9... Ne7 $14) 10. g3 $16 Nf6 11. h5 Bd7 12. Qe2 Qe7 13. Kf1 Nh7 (13... Na7 $14) 14. Kg2 O-O 15. Rae1 {White is more active.} Rae8 (15... Nf6 $16 {was called for.}) 16. Nh4 (16. Bc2 $18) 16... Nf6 {[#]} 17. Bb1 (17. g4 $142 $1) 17... Na5 18. Qd3 Bb5 19. Qc2 {aiming for Nhf3.} Nc4 (19... c5 $1 $14) 20. Nf1 $2 ({Only move:} 20. Nxc4 $18 dxc4 21. g4) 20... Nd6 (20... c5 $1 $11) 21. Ne3 Nde4 (21... Rc8 $16) 22. f3 $18 Nd6 $2 (22... c5) 23. Ng4 {[#] Threatening mate with Nxf6+.} Nde4 24. fxe4 Nxg4 25. e5 $40 {[%mdl 128] White attacks with force.} f5 26. Ng6 Qf7 27. Rh4 Rc8 $2 (27... Qd7 {was worth a try.} 28. Rxg4 (28. Nxf8 Kxf8 29. Rxg4 fxg4 $18) 28... fxg4 29. Nxf8 Kxf8) 28. Rxg4 Rfe8 29. Rh4 c5 30. Rd1 b6 31. g4 cxd4 32. Rxd4 Rc4 33. gxf5 exf5 34. Qxf5 Qxf5 35. Bxf5 Rxd4 36. cxd4 Bc6 37. Rh3 {White wants to mate with Rc3.} Bb5 38. Rc3 Bc4 39. b3 Be2 40. Bd7 Rd8 41. e6 Bxh5 42. e7 {Weighted Error Value: White=0.19 (very precise) /Black=0.55.  Mistake:       	White=3     	Black=8      Inaccurate:     	White=2     	Black=2      OK:         	White=10    	Black=6      Best:        	White=3     	Black=1} 1-0

[Event "45th FIDE Olympiad 2024"]
[Site "Budapest"]
[Date "2024.09.11"]
[Round "1.187"]
[White "Mahor Jr, Manuel"]
[Black "Lopez Silva, Hugo"]
[Result "0-1"]
[ECO "D00"]
[WhiteElo "1759"]
[BlackElo "2379"]
[Annotator "TA"]
[PlyCount "64"]
[EventDate "2024.09.05"]
[EventType "team-tourn"]
[EventCountry "HUN"]
[SourceTitle "playchess.com"]
[Source "ChessBase"]
[SourceQuality "1"]
[WhiteTeam "Palau"]
[BlackTeam "Chile"]
[WhiteTeamCountry "PAL"]
[BlackTeamCountry "CHI"]
[TimeControl "40/5400+30:1800+30"]

1. d4 Nf6 2. Nf3 g6 3. Nc3 d5 4. Bf4 Bg7 5. Qd2 O-O 6. Bh6 c5 7. Bxg7 Kxg7 8. O-O-O (8. dxc5 $11 Nc6 9. e3) 8... cxd4 9. Nxd4 {[%cal Oe2e4] The position is equal.} Nc6 10. e3 e5 11. Nb3 Be6 12. h4 h5 13. Be2 Qe7 14. f3 Rad8 15. g4 d4 16. Ne4 {[#]} (16. exd4 $17 exd4 17. g5 dxc3 18. Qxc3) 16... Nxe4 $19 ({Much less strong is} 16... hxg4 17. Nxf6 gxf3 (17... Kxf6 18. fxg4 d3 19. Bxd3 $11) 18. Bxf3 dxe3 (18... Kxf6 19. Bxc6 bxc6 20. exd4 $15) (18... Qxf6 19. Rdf1 $17) 19. Nh5+ gxh5 20. Qxe3 Rxd1+ 21. Bxd1 $19) 17. fxe4 dxe3 ({Don't do} 17... Bxg4 18. Rdg1 $19) 18. Qxe3 Rxd1+ 19. Bxd1 hxg4 20. Qg3 (20. h5 {might work better.} Rh8 21. h6+ Kh7 22. Kb1) 20... f5 21. exf5 gxf5 22. Qc3 Qb4 23. Qe3 Qf4 {Active counter play!} 24. Qxf4 exf4 25. Nc5 Bc8 26. c3 $2 {[#]} (26. Nd3) 26... Ne5 27. Re1 Kf6 {Strongly threatening ...b6.} 28. Kc2 b6 29. Nd3 Nxd3 30. Kxd3 Rd8+ 31. Ke2 Ba6+ 32. Kf2 Rd2+ {White got outplayed after the opening.   Weighted Error Value: White=1.08/Black=0.15 (very precise) .  Loses game:     	White=1     	---        Mistake:       	White=4     	---        Inaccurate:     	White=4     	Black=3      OK:         	White=2     	Black=11} 0-1

[Event "45th FIDE Olympiad 2024"]
[Site "Budapest"]
[Date "2024.09.11"]
[Round "1.189"]
[White "Fawzy, Adham"]
[Black "Hasford, John Kojo"]
[Result "1-0"]
[ECO "B09"]
[WhiteElo "2507"]
[BlackElo "1956"]
[Annotator "TA"]
[PlyCount "77"]
[EventDate "2024.09.05"]
[EventType "team-tourn"]
[EventCountry "HUN"]
[SourceTitle "playchess.com"]
[Source "ChessBase"]
[SourceQuality "1"]
[WhiteTeam "Egypt"]
[BlackTeam "Ghana"]
[WhiteTeamCountry "EGY"]
[BlackTeamCountry "GHA"]
[TimeControl "40/5400+30:1800+30"]

1. e4 d6 2. d4 Nf6 3. Nc3 g6 4. f4 Bg7 5. Nf3 c6 6. Bd3 O-O 7. h3 Na6 8. O-O Nb4 9. Be2 {White is slightly better.} d5 10. e5 {[%cal Oa2a3] a3! would now be deadly.} Ne4 11. Nxe4 dxe4 12. Ng5 f5 {[#]} 13. exf6 $1 exf6 14. Bc4+ Nd5 15. Nxe4 f5 (15... Re8 $14 16. Nc5 b6) 16. Ng5 $16 Qb6 17. c3 h6 18. Nf3 Be6 19. Re1 Rae8 20. Bb3 Kh7 (20... c5 $16) 21. Kh1 (21. c4 $18) 21... Qc7 22. Ne5 Nf6 {[#]} (22... Bxe5 $16 {was worth a try.} 23. dxe5 Qe7) 23. Nxg6 $1 $18 Kxg6 24. Rxe6 Rxe6 25. Bxe6 {Strongly threatening g4.} Ne4 26. Qf3 {Prevents Nf2+. Threatens to win with g4.} Qe7 27. Bb3 Qh4 28. Be3 Re8 29. Bc2 h5 30. Kg1 Bh6 31. Rd1 Nf6 32. c4 Ne4 33. d5 Qf6 (33... cxd5 {keeps fighting.} 34. cxd5 Nd6) 34. dxc6 Qxc6 35. Rd5 Qxc4 {[#]} 36. Rxf5 Kxf5 (36... Kg7 37. Qxh5) 37. Qxh5+ Kf6 38. Qxe8 Qxc2 39. Bd4+ {Weighted Error Value: White=0.15 (very precise) /Black=0.62.  Mistake:       	White=1     	Black=4      Inaccurate:     	White=1     	Black=3      OK:         	White=18    	Black=4      Best:        	White=1     	Black=2      Strong:       	White=1     	---        Brilliant:      	White=2     	---} (39. Bxa7 {gets mated.} Qd1+ (39... Bxf4 $2 {is the wrong capture.} 40. Bd4+ Kg5 41. Qe7+ Kh6 42. Qg7+ Kh5 43. Qg4+ Kh6 44. Qxf4+ $18) 40. Kh2 Bxf4+ 41. g3 Bxg3+ (41... Nxg3 42. Qf8+ Kg5 43. Qe7+ Kf5 44. Qf7+ Kg5 45. Qg7+ Kh5 46. Qh8+ Kg5 47. Qg7+ Kh5 48. Qf7+ Kg5 49. Qg7+ $11) 42. Kg2 Qe2+ 43. Kg1 Bh2+ 44. Kh1 Ng3#) 1-0

[Event "45th FIDE Olympiad 2024"]
[Site "Budapest"]
[Date "2024.09.11"]
[Round "1.190"]
[White "Anquandah, Francis Eric"]
[Black "Wageih, Kareim"]
[Result "1/2-1/2"]
[ECO "B17"]
[WhiteElo "1941"]
[BlackElo "2402"]
[Annotator "ChessBase"]
[PlyCount "141"]
[EventDate "2024.09.05"]
[EventType "team-tourn"]
[EventCountry "HUN"]
[SourceTitle "playchess.com"]
[Source "ChessBase"]
[SourceQuality "1"]
[WhiteTeam "Ghana"]
[BlackTeam "Egypt"]
[WhiteTeamCountry "GHA"]
[BlackTeamCountry "EGY"]
[TimeControl "40/5400+30:1800+30"]

1. e4 c6 2. d4 d5 3. Nd2 dxe4 4. Nxe4 Nd7 5. Nf3 Ngf6 6. Bd3 Nxe4 7. Bxe4 Nf6 8. Qe2 Nxe4 9. Qxe4 Qd5 10. Qxd5 cxd5 11. Bf4 Bf5 12. c3 e6 13. O-O f6 14. Rfe1 g5 15. Bg3 h5 16. h3 h4 17. Bh2 Kf7 18. Nd2 Rc8 19. Nf1 Be7 20. Ne3 Bg6 21. f4 gxf4 22. Bxf4 Be4 23. Ng4 b5 24. a3 Ke8 25. Re3 Rg8 26. Re2 Rg6 27. Ne3 f5 28. Kh2 Kd7 29. Rg1 Rcg8 30. g4 Bf3 31. Rf2 fxg4 32. hxg4 Bxg4 33. Rfg2 Bf5 34. Rxg6 Rxg6 35. Rxg6 Bxg6 36. Ng4 Be8 37. Kh3 Kc6 38. Ne5+ Kb6 39. b4 Bh5 40. Nd7+ Kc6 41. Ne5+ Kb6 42. Nd7+ Kc6 43. Ne5+ Kb7 44. Nd7 Bg6 45. Ne5 Bf5+ 46. Kh2 a5 47. Nf7 a4 48. Bg5 Bxg5 49. Nxg5 Kc7 50. Nf3 h3 51. Kg3 Kd6 52. Ne5 Ke7 53. Nc6+ Kf6 54. Ne5 Kg5 55. Nf3+ Kg6 56. Ne5+ Kf6 57. Nd7+ Kg5 58. Ne5 Kh5 59. Nd7 Kh6 60. Ne5 Kg5 61. Nf3+ Kf6 62. Ne5 Bc2 63. Kxh3 Kf5 64. Kg3 Ke4 65. Kf2 Bd3 66. Nd7 Bc4 67. Nc5+ Kf5 68. Ke3 Bf1 69. Nd7 Bc4 70. Nc5 Bf1 71. Nd7 1/2-1/2

[Event "45th FIDE Olympiad 2024"]
[Site "Budapest"]
[Date "2024.09.11"]
[Round "1.191"]
[White "Wafa, Hamed"]
[Black "Anhwere, Bernard"]
[Result "1-0"]
[ECO "B66"]
[WhiteElo "2368"]
[BlackElo "1893"]
[Annotator "ChessBase"]
[PlyCount "57"]
[EventDate "2024.09.05"]
[EventType "team-tourn"]
[EventCountry "HUN"]
[SourceTitle "playchess.com"]
[Source "ChessBase"]
[SourceQuality "1"]
[WhiteTeam "Egypt"]
[BlackTeam "Ghana"]
[WhiteTeamCountry "EGY"]
[BlackTeamCountry "GHA"]
[TimeControl "40/5400+30:1800+30"]

1. e4 c5 2. Nc3 d6 3. Nf3 Nc6 4. d4 cxd4 5. Nxd4 Nf6 6. Bg5 e6 7. Qd2 a6 8. Nxc6 bxc6 9. O-O-O Qb6 10. Bc4 Rb8 11. Bb3 Be7 12. f4 d5 13. Rhe1 Qb7 14. f5 h6 15. Bh4 O-O 16. e5 Ne4 17. Rxe4 dxe4 18. f6 Bb4 19. fxg7 Kxg7 20. Qf4 Be7 21. Bf6+ Bxf6 22. Qxf6+ Kh7 23. Nxe4 c5 24. c4 Rg8 25. Nxc5 Rg6 26. Nxb7 Rxf6 27. Bc2+ Rg6 28. Nc5 Bb7 29. Rd7 1-0

[Event "45th FIDE Olympiad 2024"]
[Site "Budapest"]
[Date "2024.09.11"]
[Round "1.192"]
[White "Fomevor, Cephas Clinton"]
[Black "Sadek, Sameh"]
[Result "0-1"]
[ECO "D10"]
[WhiteElo "1873"]
[BlackElo "2269"]
[Annotator "ChessBase"]
[PlyCount "104"]
[EventDate "2024.09.05"]
[EventType "team-tourn"]
[EventCountry "HUN"]
[SourceTitle "playchess.com"]
[Source "ChessBase"]
[SourceQuality "1"]
[WhiteTeam "Ghana"]
[BlackTeam "Egypt"]
[WhiteTeamCountry "GHA"]
[BlackTeamCountry "EGY"]
[TimeControl "40/5400+30:1800+30"]

1. d4 d5 2. c4 c6 3. Nc3 dxc4 4. e3 b5 5. a4 b4 6. Ne4 Qd5 7. Nd2 Ba6 8. Qc2 c3 9. bxc3 Bxf1 10. Kxf1 bxc3 11. Qxc3 Nf6 12. Ba3 Nbd7 13. Ne2 Rc8 14. Nf4 Qf5 15. Nd3 Nd5 16. e4 Nxc3 17. exf5 g6 18. Bb2 Nd5 19. fxg6 hxg6 20. g3 Bg7 21. Kg2 Rb8 22. Rab1 O-O 23. Rhc1 Rfc8 24. Ne5 Nxe5 25. dxe5 Rb4 26. Rc4 Rcb8 27. Rxb4 Rxb4 28. Ba1 Rxa4 29. Rb8+ Bf8 30. Nb3 Rb4 31. Rxb4 Nxb4 32. Bd4 a6 33. e6 fxe6 34. Na5 Kf7 35. Bc5 Nd3 36. Bb6 c5 37. Kf1 e5 38. f3 e6 39. Ke2 Nb4 40. Nc4 Nc6 41. Bc7 Bg7 42. Kd3 Ke8 43. Ke4 Bf6 44. h4 Bd8 45. Bxe5 Nxe5 46. Nxe5 Bf6 47. Nxg6 a5 48. Kd3 e5 49. h5 Kf7 50. Kc4 a4 51. Nh4 Bxh4 52. gxh4 Kg7 0-1

[Event "45th FIDE Olympiad 2024"]
[Site "Budapest"]
[Date "2024.09.11"]
[Round "1.193"]
[White "Hemam, Moulaye Brahim"]
[Black "Dardha, Daniel"]
[Result "0-1"]
[ECO "A50"]
[WhiteElo "1977"]
[BlackElo "2603"]
[Annotator "TA"]
[PlyCount "106"]
[EventDate "2024.09.05"]
[EventType "team-tourn"]
[EventCountry "HUN"]
[SourceTitle "playchess.com"]
[Source "ChessBase"]
[SourceQuality "1"]
[WhiteTeam "Mauritania"]
[BlackTeam "Belgium"]
[WhiteTeamCountry "MAU"]
[BlackTeamCountry "BEL"]
[TimeControl "40/5400+30:1800+30"]

1. d4 Nf6 2. Nf3 b6 3. g3 Bb7 4. Bg2 g6 5. O-O Bg7 6. c4 O-O 7. Nc3 Ne4 8. Qc2 Nxc3 9. bxc3 Nc6 10. Nh4 e6 11. Rb1 Na5 {Black is slightly better.} 12. Bxb7 Nxb7 13. c5 d6 14. cxd6 cxd6 15. Ba3 Na5 16. e4 Qd7 17. Nf3 Rac8 18. Bb4 {Black keeps a firm grip on the game.} Nc4 19. Nd2 Rfd8 20. Nxc4 Rxc4 21. Qb3 Rdc8 22. Rfd1 Qc6 23. d5 exd5 24. Rxd5 Bxc3 25. Rxd6 Qxe4 26. Bxc3 Rxc3 27. Qd1 Rc2 28. Rd4 Qe5 {Black has more active pieces.} 29. a4 Kg7 30. Qd3 (30. Rd5 $17 Qc3 31. Qd4+ Qxd4 32. Rxd4) 30... R8c3 $40 {[%mdl 128] Black attacks with force.} 31. Qe4 Qxe4 32. Rxe4 {[%mdl 4096] Endgame. KRR-KRR} Rf3 33. Rf1 Ra2 34. Kg2 Rf5 35. g4 {[#]} Ra5 36. h3 R5xa4 37. Re7 g5 38. Rb7 Rb4 {...a5 is the strong threat.} 39. Kg3 (39. Re1 {was necessary.}) 39... a5 40. Rd1 Rb3+ {Black is clearly winning.} 41. f3 (41. Kg2 $142 Rbb2 42. Kg3 Rxf2 43. Rxb6 Rg2+ 44. Kf3) 41... Rbb2 42. Rg1 {Inhibits Rg2+.} a4 43. h4 h6 44. hxg5 hxg5 45. Rd7 a3 46. Rd5 f6 {[#] Hoping for ...Rd2.} 47. Rd3 b5 {Strongly threatening ...Kg6.} 48. f4 gxf4+ 49. Kxf4 b4 {aiming for ...Rf2+.} 50. g5 Rf2+ 51. Ke3 Rae2+ 52. Kd4 Rd2 53. gxf6+ Kxf6 {Weighted Error Value: White=0.29 (precise) /Black=0.07 (flawless) .  Mistake:       	White=3     	---        Inaccurate:     	White=2     	---        OK:         	White=10    	Black=14     Best:        	---       	Black=3} 0-1

[Event "45th FIDE Olympiad 2024"]
[Site "Budapest"]
[Date "2024.09.11"]
[Round "1.194"]
[White "Maerevoet, Sim"]
[Black "Yahi, Mohamed Salem"]
[Result "1-0"]
[ECO "C10"]
[WhiteElo "2432"]
[BlackElo "1868"]
[Annotator "TA"]
[PlyCount "61"]
[EventDate "2024.09.05"]
[EventType "team-tourn"]
[EventCountry "HUN"]
[SourceTitle "playchess.com"]
[Source "ChessBase"]
[SourceQuality "1"]
[WhiteTeam "Belgium"]
[BlackTeam "Mauritania"]
[WhiteTeamCountry "BEL"]
[BlackTeamCountry "MAU"]
[TimeControl "40/5400+30:1800+30"]

1. e4 e6 2. d4 d5 3. Nc3 dxe4 4. Nxe4 Nd7 5. g4 Ngf6 6. Nxf6+ Nxf6 7. g5 Ne4 8. Qd3 {White is slightly better.} Nd6 9. Bf4 Nf5 10. Nf3 c5 (10... Bd6 $11 11. Bd2 O-O) 11. O-O-O $16 Be7 {[#]} (11... cxd4 $14 12. Qe4 (12. Nxd4 Nxd4 13. Qxd4 Qxd4 $16) 12... Bc5) 12. Qb5+ $1 $18 Bd7 13. Qxb7 c4 14. Ne5 {Strongly threatening Nxd7.} Nd6 15. Qxd7+ Qxd7 16. Nxd7 Kxd7 17. d5 {Threatens to win with dxe6+.} e5 18. Bh3+ Kc7 19. Bxe5 Bxg5+ {Black is weak on the light squares} 20. f4 f6 {[#]} (20... Bf6 21. Rhe1 a5) 21. Bxd6+ Kxd6 22. fxg5 fxg5 23. Rhe1 Rae8 24. Re6+ Rxe6 25. dxe6+ {[%mdl 4096] Endgame. KRB-KR} Ke5 26. Rd7 h5 27. e7 Re8 28. Bf1 Kf6 29. Rxa7 Rxe7 30. Rxe7 Kxe7 31. Bxc4 {Black got outplayed after the opening.   Weighted Error Value: White=0.08 (flawless) /Black=0.69.  Mistake:       	---       	Black=3      OK:         	White=7     	Black=5      Best:        	White=1     	Black=1      Strong:       	White=1     	---} 1-0

[Event "45th FIDE Olympiad 2024"]
[Site "Budapest"]
[Date "2024.09.11"]
[Round "1.195"]
[White "Abdellahi, Khaled Abdellahi"]
[Black "Hovhannisyan, Mher"]
[Result "1/2-1/2"]
[ECO "C13"]
[WhiteElo "1894"]
[BlackElo "2414"]
[Annotator "ChessBase"]
[PlyCount "59"]
[EventDate "2024.09.05"]
[EventType "team-tourn"]
[EventCountry "HUN"]
[SourceTitle "playchess.com"]
[Source "ChessBase"]
[SourceQuality "1"]
[WhiteTeam "Mauritania"]
[BlackTeam "Belgium"]
[WhiteTeamCountry "MAU"]
[BlackTeamCountry "BEL"]
[TimeControl "40/5400+30:1800+30"]

1. e4 e6 2. d4 d5 3. Nc3 Nf6 4. Bg5 dxe4 5. Nxe4 Be7 6. Bxf6 gxf6 7. Nf3 a6 8. Qd2 b5 9. O-O-O Bb7 10. Qe3 Nd7 11. Kb1 Nb6 12. Bd3 Nd5 13. Qd2 Nb4 14. Nxf6+ Bxf6 15. Qxb4 Qd6 16. Qxd6 cxd6 17. Be2 b4 18. Ne1 a5 19. Bf3 d5 20. Be2 a4 21. f4 a3 22. b3 h5 23. Nf3 h4 24. g4 hxg3 25. hxg3 Rg8 26. Rdg1 Ba6 27. Bxa6 Rxa6 28. g4 Rc6 29. g5 Bh8 30. Rh3 1/2-1/2

[Event "45th FIDE Olympiad 2024"]
[Site "Budapest"]
[Date "2024.09.11"]
[Round "1.196"]
[White "Lenaerts, Lennert"]
[Black "Abdou, Ahmed Alem"]
[Result "1-0"]
[ECO "B12"]
[WhiteElo "2300"]
[BlackElo "1897"]
[Annotator "ChessBase"]
[PlyCount "79"]
[EventDate "2024.09.05"]
[EventType "team-tourn"]
[EventCountry "HUN"]
[SourceTitle "playchess.com"]
[Source "ChessBase"]
[SourceQuality "1"]
[WhiteTeam "Belgium"]
[BlackTeam "Mauritania"]
[WhiteTeamCountry "BEL"]
[BlackTeamCountry "MAU"]
[TimeControl "40/5400+30:1800+30"]

1. e4 c6 2. d4 d5 3. e5 Bf5 4. Nd2 e6 5. Nb3 Ne7 6. Nf3 Bg4 7. h3 Bxf3 8. Qxf3 Nd7 9. Bd3 c5 10. Nxc5 Nxc5 11. dxc5 Nc6 12. Qg3 Qc7 13. Bf4 Bxc5 14. c3 h6 15. Qxg7 O-O-O 16. b4 Rdg8 17. Qf6 Be7 18. Qxf7 Nd8 19. Qh5 Qxc3+ 20. Ke2 Qb2+ 21. Bd2 Rg5 22. Rac1+ Kb8 23. Qf3 Rxe5+ 24. Kd1 Rf8 25. Qxf8 Bxf8 26. Bc3 Qxc1+ 27. Kxc1 d4 28. Bd2 Rd5 29. Re1 Kc8 30. Re4 Kd7 31. Bc4 Rf5 32. Rxd4+ Bd6 33. f4 Nc6 34. Re4 e5 35. g4 Rf8 36. b5 Nd4 37. fxe5 Ba3+ 38. Kd1 Nf3 39. Bxh6 Ke7 40. Bxf8+ 1-0

[Event "45th FIDE Olympiad 2024"]
[Site "Budapest"]
[Date "2024.09.11"]
[Round "1.197"]
[White "Panjwani, Raja"]
[Black "Hamperl, Fred"]
[Result "1-0"]
[ECO "D30"]
[WhiteElo "2460"]
[BlackElo "1977"]
[Annotator "TA"]
[PlyCount "169"]
[EventDate "2024.09.05"]
[EventType "team-tourn"]
[EventCountry "HUN"]
[SourceTitle "playchess.com"]
[Source "ChessBase"]
[SourceQuality "1"]
[WhiteTeam "Canada"]
[BlackTeam "Guernsey"]
[WhiteTeamCountry "CAN"]
[TimeControl "40/5400+30:1800+30"]

1. Nf3 Nf6 2. c4 c6 3. d4 d5 4. e3 e6 5. Bd3 Nbd7 6. O-O dxc4 7. Bxc4 b5 8. Bb3 {D30: Queen's Gambit Declined: Systems without Nc3.} Bd6 9. Nc3 Bb7 10. e4 e5 (10... Be7 $14) 11. dxe5 $16 Nxe5 12. Bf4 Qe7 13. Bxe5 Bxe5 14. Nxe5 Qxe5 15. f4 Qc5+ 16. Kh1 O-O 17. e5 Rad8 18. Qf3 Nd5 19. Ne4 Qe3 $146 ({Predecessor:} 19... Qe7 20. Qg3 Kh8 21. Nd6 f5 22. Bxd5 cxd5 23. Qf2 d4 24. Qxd4 g5 25. Rad1 gxf4 26. Rxf4 {1-0 Bluebaum,M (2580)-Ali Marandi,C (2422) Wch U20 54th 2015 (13)}) 20. Nd6 $1 Qxf3 21. Rxf3 Bc8 22. Rc1 Ne7 23. f5 a5 24. a3 a4 25. Ba2 c5 26. Rxc5 (26. h3 $16 c4 27. Nxb5) 26... Nxf5 $1 $11 27. Bxf7+ Rxf7 28. Rxc8 (28. Nxc8 $2 {gets mated.} Rd1+) 28... Rxc8 29. Nxc8 Rc7 30. Rc3 Rxc3 31. bxc3 Kf7 32. Na7 Ke6 33. Nxb5 Kxe5 34. c4 Ne3 35. c5 Kd5 36. Nc3+ Kxc5 37. Nxa4+ Kc4 38. Nb6+ Kb5 39. Nd7 Ka4 40. Nc5+ Kxa3 41. Ne6 Kb4 42. Nxg7 Kc4 43. Kg1 Kd5 44. Kf2 Ng4+ 45. Kg3 Nf6 46. Kf4 Kd6 47. Kg5 Ke7 48. Nh5 Ng8 49. g4 (49. Ng3 $16) 49... Kf7 $11 50. h3 h6+ 51. Kf5 Ne7+ 52. Ke4 Kg6 53. h4 Kf7 54. Nf4 Nc6 55. Ne2 Kf6 56. Nd4 Nd8 57. Kd5 Nf7 58. Nf3 Nd8 59. Nd2 Nf7 60. Ne4+ Kg6 61. h5+ Kg7 62. Ke6 Nd8+ 63. Kf5 $1 Nf7 64. Ng3 Nd6+ 65. Ke6 Nc4 66. Nf5+ Kh7 67. Kf6 Nd2 68. Nd4 Ne4+ 69. Kf5 Nd6+ 70. Ke5 Nc4+ 71. Kf4 Nd6 72. Ne6 ({White should play} 72. Nf5 $16 Nc4 73. Ke4) 72... Nf7 (72... Kg8 $1 $11 {remains equal.}) 73. Kf5 $16 Nd6+ 74. Ke5 Ne8 75. Nd4 Nc7 76. Kd6 Na6 77. Ne6 Nb4 78. Ke7 Nd5+ $2 (78... Kg8 $14) 79. Kf7 Ne3 $2 (79... Kh8 $11) 80. Nf8+ Kh8 {[#]} 81. Ng6+ $1 Kh7 82. Ne5 Nd5 {[#]} 83. Nd7 $1 Nf4 84. Nf8+ Kh8 85. Ng6+ 1-0

[Event "45th FIDE Olympiad 2024"]
[Site "Budapest"]
[Date "2024.09.11"]
[Round "1.198"]
[White "Rowe, Peter"]
[Black "Thavandiran, Shiyam"]
[Result "0-1"]
[ECO "D02"]
[WhiteElo "1973"]
[BlackElo "2388"]
[Annotator "ChessBase"]
[PlyCount "65"]
[EventDate "2024.09.05"]
[EventType "team-tourn"]
[EventCountry "HUN"]
[SourceTitle "playchess.com"]
[Source "ChessBase"]
[SourceQuality "1"]
[WhiteTeam "Guernsey"]
[BlackTeam "Canada"]
[BlackTeamCountry "CAN"]
[TimeControl "40/5400+30:1800+30"]

1. d4 e6 2. Bf4 Nf6 3. e3 d5 4. Nf3 c5 5. c3 Nc6 6. Bb5 Bd7 7. a4 Nh5 8. Bg3 Nxg3 9. hxg3 Bd6 10. Nbd2 Qe7 11. Bxc6 Bxc6 12. dxc5 Bxc5 13. Ne5 Bd6 14. Nxc6 bxc6 15. Nf3 Rb8 16. Qc2 g6 17. a5 Qb7 18. Ra2 e5 19. O-O Qb3 20. Qxb3 Rxb3 21. Nd2 Rb8 22. Rc1 Kd7 23. Kf1 f5 24. Ke2 e4 25. c4 Be5 26. cxd5 cxd5 27. Rc2 Rhc8 28. Kd1 Rxc2 29. Kxc2 d4 30. Nc4 d3+ 31. Kd2 Bf6 32. f3 Rb4 33. Nb6+ 0-1